 Dungeon Crawl Stone Soup version 0.27-a0-1177-g245c70e1c0 (webtiles) character file.

Game seed: 10336330350149295316

320 wakim the Sneak (level 6, -2/36 HPs)
             Began as a Kobold Brigand on May 16, 2021.
             Was a Follower of Uskayaw.
             Killed by nerve-wracking pain
             ... invoked by an orc priest
              (12 damage)
             ... on level 4 of the Dungeon.
             The game lasted 00:09:23 (3636 turns).

wakim the Sneak (Kobold Brigand)                    Turns: 3636, Time: 00:09:24

Health: -2/36      AC:  8    Str:  8    XL:     6   Next: 75%
Magic:  6/6        EV: 17    Int: 13    God:    Uskayaw [*.....]
Gold:   156        SH:  0    Dex: 24    Spells: 5/5 levels left

rFire    . . .     SeeInvis .   a - +3 dagger
rCold    . . .     Faith    .   (shield restricted)
rNeg     . . .     Spirit   .   j - +3 leather armour
rPois    .         Reflect  .   (no helmet)
rElec    .         Harm     .   c - +1 cloak
rCorr    .         Rampage  .   (no gloves)
Will     .....                  (no boots)
Stlth    +++++.....             i - amulet of magic regeneration
HPRegen  0.12/turn              k - +6 ring of dexterity
MPRegen  0.35/turn              (no ring)

@: no status effects
A: small, no large weapons, nightstalker 3
a: Renounce Religion, Stomp


You were on level 4 of the Dungeon.
You worshipped Uskayaw.
Uskayaw was noncommittal.
You visited 1 branch of the dungeon, and saw 4 of its levels.

You collected 156 gold pieces.

Inventory:

Hand Weapons
 a - a +3 dagger (weapon)
Missiles
 b - a throwing net {=f!f}
 d - 14 poisoned darts
 e - 2 curare-tipped darts (quivered) {=f}
 h - 7 atropa-tipped darts
Armour
 c - a +1 cloak (worn)
 j - a +3 leather armour (worn)
Jewellery
 i - an amulet of magic regeneration (around neck)
 k - a +6 ring of dexterity (left hand)
Scrolls
 f - a scroll of amnesia {unknown}
 r - 2 scrolls of identify
Potions
 g - a potion of curing {unknown}
 H - 2 potions of haste


   Skills:
 + Level 2.6 Fighting
 * Level 5.8 Short Blades
 - Level 2.1 Throwing
 * Level 4.6 Dodging
 + Level 6.6 Stealth


You had 5 spell levels left.
You didn't know any spells.
Your spell library contained the following spells:

 Spells                   Type           Power      Damage    Failure   Level
 Animate Skeleton         Necr           0%         N/A       41%         1
 Pain                     Necr           0%         1d4       41%         1
 Vampiric Draining        Necr           0%         2d6       80%         3
 Animate Dead             Necr           0%         N/A       99%         4
 Agony                    Necr           0%         N/A       100%        5


Dungeon Overview and Level Annotations

Branches:
Dungeon (4/15)
 Temple: D:4-7

Altars:
Uskayaw

Shops:
D:2 [


Innate Abilities, Weirdness & Mutations

You are small and have problems with some larger weapons.
You are completely attuned to the shadows.


Message History

You closely miss the orc.
The orc is lightly wounded.
You hit the orc but do no damage.
The orc is lightly wounded.
The orc misses you.
You hit the orc.
The orc is moderately wounded.
The orc hits you but does no damage.
You barely miss the orc.
The orc is moderately wounded.
The orc hits you with a +0 hand axe.
* * * LOW HITPOINT WARNING * * *
You closely miss the orc.
The orc is moderately wounded.
You hit the orc.
The orc is severely wounded.
The orc hits you with a +0 hand axe.
* * * LOW HITPOINT WARNING * * *
You completely miss the orc.
The orc is severely wounded.
The orc closely misses you.
You hit the orc but do no damage.
The orc is severely wounded.
Unknown command.
You hit the orc but do no damage.
The orc is severely wounded.
The orc closely misses you.
You hit the orc.
You kill the orc!
The orc priest hits you with a +0 flail.
* * * LOW HITPOINT WARNING * * *
Items here: ))) [[[ ††.
You hit the orc priest but do no damage.
The orc priest hits you with a +0 flail.
* * * LOW HITPOINT WARNING * * *
You hit the orc priest.
The orc priest is lightly wounded.
The orc priest mumbles some strange prayers to Beogh against you.
Pain shoots through your body!
You die...

#.......##
#..........
#..........
######.#......
#......#...S..
#......#.....
#......#....
#.....o# ######@#
#.# #.# #.# #.#
#.# #.#
############
#.#####...........
#....##.##########


You could see an orc priest.

Vanquished Creatures
  An ogre (D:4)
  2 jellies
  An iguana (D:4)
  4 adders (D:2)
  3 gnolls
  2 adder skeletons (D:4)
  2 worms (D:3)
  A dart slug (D:1)
  5 orcs
  4 bats
  An endoplasm (D:2)
  3 giant cockroaches
  4 goblins
  10 hobgoblins
  6 jackals (D:1)
  A quokka (D:1)
  5 ball pythons
  4 frilled lizards
  3 kobolds
  10 rats
72 creatures vanquished.

Notes
Turn   | Place    | Note
-------+----------+-------------------------------------------
     0 | D:1      | wakim the Kobold Brigand began the quest for the Orb.
     0 | D:1      | Reached XP level 1. HP: 12/12 MP: 1/1
   282 | D:1      | Reached XP level 2. HP: 17/17 MP: 2/2
   674 | D:1      | Reached XP level 3. HP: 19/21 MP: 3/3
   811 | D:1      | Found a faded altar of an unknown god.
  1127 | D:2      | Reached XP level 4. HP: 24/26 MP: 4/4
  1557 | D:2      | Found Fago's Antique Armour Shop.
  1723 | D:2      | Reached skill level 6 in Stealth
  1723 | D:2      | Reached XP level 5. HP: 30/30 MP: 5/5
  2285 | D:3      | Found a hide-covered altar of Uskayaw.
  2294 | D:3      | Reached skill level 5 in Short Blades
  2297 | D:3      | Became a worshipper of Uskayaw the Reveller
  2402 | D:3      | Reached * piety under Uskayaw
  3123 | D:4      | Reached XP level 6. HP: 35/35 MP: 6/6
  3151 | D:4      | Reached ** piety under Uskayaw
  3270 | D:4      | Noticed an ogre
  3360 | D:4      | Killed an ogre
  3636 | D:4      | Killed from afar by an orc priest

Illustrated notes

Levels and vault maps discovered:
D:1:      lemuel_arrival_hallway, layout_loops_ring,
          chequers_ecumenical_altar_island
D:2:      layout_basic, serial_shops, shop
D:3:      layout_basic, nicolae_uskayaw_murder_on_the_dancefloor
D:4:      layout_basic, minmay_temple_entry_slanted

Skill      XL: |  1  2  3  4  5 |
---------------+----------------+-----
Short Blades   | 3 4 5 |  5.8
Dodging        | 2 3 4 |  4.6
Stealth        | 6 |  6.6
Fighting       | |  2.6
Throwing       | |  2.1

Action                   |  1- 3 |  4- 6 || total
-------------------------+-------+-------++-------
Melee: Dagger            |    87 |   182 ||   269
Throw: Dart              |     2 |    12 ||    14
  Use: Potion            |       |     1 ||     1
       Scroll            |       |     4 ||     4
 Stab: Sleeping          |    10 |    19 ||    29
Armor: Robe              |    15 |     7 ||    22
       Leather armour    |       |    13 ||    13
Dodge: Dodged            |    54 |    87 ||   141

Table legend: (Time is in decaauts)
 A = Elapsed time spent in this place.
 B = Non-inter-level travel time spent in this place.
 C = Inter-level travel time spent in this place.
 D = Time resting spent in this place.
 E = Time spent auto-exploring this place.
 F = Levels seen in this place.
 G = Mean time per level.
                   A        B        C        D        E       F      G
               +--------+--------+--------+--------+--------+-----+--------+
         Total |   3583 |   3521 |     62 |    455 |   2415 |   4 |  895.8 |
       Dungeon |   3583 |   3521 |     62 |    455 |   2415 |   4 |  895.8 |
               +--------+--------+--------+--------+--------+-----+--------+

Top non-repeatable levels by time:
     D:2: 1193 daAuts
     D:3: 1062 daAuts
     D:1: 936 daAuts
     D:4: 391 daAuts
